 Dungeon Crawl Stone Soup version 0.20.1-1-g8b1a95d (webtiles) character file.

4284 Merkmirnix the Cleaver (level 10, -6/132 HPs)
             Began as a Minotaur Berserker on Aug 1, 2017.
             Was an Elder of Trog.
             Mangled by Grum
             ... wielding a +1 spear
              (13 damage)
             ... on level 9 of the Dungeon.
             The game lasted 00:23:50 (7584 turns).

Merkmirnix the Cleaver (Minotaur Berserker)         Turns: 7584, Time: 00:23:51

Health: -6/132     AC:  3    Str: 33    XL:     10   Next: 10%
Magic:  9/9        EV: 11    Int:  4    God:    Trog [****..]
Gold:   276        SH: 19    Dex: 10    Spells: 9/9 levels left

rFire    . . .     SeeInvis .   a - +0 hand axe
rCold    . . .     Gourm    .   n - +0 large shield
rNeg     . . .     Faith    .   b - +0 animal skin
rPois    .         Spirit   .   (helmet restricted)
rElec    .         Reflect  .   (no cloak)
rCorr    .         Harm     .   D - +0 pair of gloves
MR       .....                  (no boots)
Stlth    ..........             (no amulet)
Regen    0.4/turn               p - +3 ring of strength
MPRegen  0.2/turn               C - ring of flight

@: berserking, very quick
A: retaliatory headbutt, horns 2
a: Berserk, Trog's Hand, Brothers in Arms, Burn Spellbooks, Renounce Religion,
Evoke Flight


You were on level 9 of the Dungeon.
You worshipped Trog.
Trog was greatly pleased with you.
You were very hungry.

You visited 1 branch of the dungeon, and saw 9 of its levels.

You collected 343 gold pieces.
You spent 67 gold pieces at shops.

Inventory:

Hand Weapons
 a - a +0 hand axe (weapon)
Armour
 b - a +0 animal skin (worn)
 n - a +0 large shield (worn)
 D - a +0 pair of gloves (worn)
Jewellery
 p - a +3 ring of strength (left hand)
 C - a ring of flight (right hand)
 G - an uncursed amulet of harm {unknown}
 H - an uncursed ring of wizardry {unknown}
Wands
 B - a wand of acid (6/15)
 I - a wand of enslavement (12/24)
 J - a wand of confusion (18/48)
Scrolls
 d - 11 scrolls of identify {unknown}
 e - 6 scrolls of teleportation {unknown}
 h - 2 scrolls of fog {unknown}
 k - 3 scrolls of enchant weapon {unknown}
 l - 3 scrolls of random uselessness {unknown}
 r - 5 scrolls of remove curse {unknown}
 s - 3 scrolls of recharging {unknown}
 y - 3 scrolls of enchant armour {unknown}
 A - 2 scrolls of fear {unknown}
 E - a scroll of immolation {unknown}
 F - a scroll of blinking {unknown}
Potions
 g - 2 potions of berserk rage {unknown}
 i - 5 potions of curing {unknown}
 o - 3 potions of might {unknown}
 q - a potion of haste
 t - a potion of flight {unknown}
 u - 2 potions of ambrosia {unknown}
 v - a potion of heal wounds {unknown}
 w - 2 potions of degeneration {unknown}
 x - 3 potions of resistance {unknown}
 z - 2 potions of cancellation {unknown}
 L - a potion of mutation {unknown}
 M - a potion of agility {unknown}
Books
 K - a book of Air

   Spells                             Type                      Level
   a - Shock                          Conjuration/Air              1
   b - Swiftness                      Charms/Air                   2
   c - Static Discharge               Conjuration/Air              3
   d - Airstrike                      Air                          4
   e - Lightning Bolt                 Conjuration/Air              5
   Trog disapproves of the use of such an item.
Comestibles
 c - 9 bread rations
 f - 4 royal jellies
 j - 9 fruits
 m - 5 meat rations
 N - 5 chunks of flesh


   Skills:
 + Level 8.2 Fighting
 + Level 10.5 Axes
 + Level 2.6 Armour
 + Level 6.6 Dodging
 + Level 3.6 Stealth
 + Level 9.0 Shields


You had 9 spell levels left.
You didn't know any spells.

Dungeon Overview and Level Annotations

Branches:
Dungeon (9/15)             Temple (0/1) D:7
   Lair: D:8-11         Orc: D:9-12

Altars:
Xom

Shops:
D:6 [*

Annotations:
D:9 Grum


Innate Abilities, Weirdness & Mutations

You reflexively headbutt those who attack you in melee.
You have a pair of horns on your head.


Message History

Grum says, "What's my secret?
I feed my dogs Minotaurs.
It makes their fur nice and shiny."
Grum hits you with an enchanted spear!
You barely miss Grum. Your headbutt misses Grum.
Grum is heavily wounded.
Grum hits you with an enchanted spear!
You slash Grum!
Grum is severely wounded.
Grum hits you with an enchanted spear!
* * * LOW HITPOINT WARNING * * *
You hit Grum.
Grum is severely wounded.
Grum hits you from afar with an enchanted spear!
* * * LOW HITPOINT WARNING * * *
A red film seems to cover your vision as you go berserk!
You feel yourself moving faster!
You feel mighty!
You are feeling very hungry.
You block Grum's attack.
You feel a strong urge to attack something.
Grum hits you with an enchanted spear!
You die...

..... ....# ...#
. #..# ..
#..##+###...
#..........
#..........
#.....# #.÷.@.# .
#....g#
..#######.....#
...........)..#
#.......))....'.
#..(.....)....'..
..####'###...#...
. #.÷<...+...###+
#......+.....


You could see Grum.

Vanquished Creatures
  2 two-headed ogres (D:8)
  The ghost of SlightEye the Blocker, a novice FoFi (D:4)
  A hippogriff (D:8)
  Eustachio (D:4)
  A black bear (D:8)
  2 phantoms
  3 ogres
  2 wolves (D:9)
  4 centaurs
  A big kobold (D:8)
  4 bullfrogs
  2 scorpions
  5 crimson imps
  2 quasits
  A bullfrog zombie (D:8)
  A jelly (D:5)
  An orc priest (D:9)
  A hound (D:7)
  5 orc wizards
  A bullfrog skeleton (D:4)
  A centaur skeleton (D:8)
  2 iguanas
  7 worker ants
  A hound skeleton (D:6)
  4 gnolls (D:5)
  11 adders
  3 shadow imps
  An adder zombie (D:8)
  2 worms (D:2)
  A dart slug (D:2)
  9 leopard geckos
  12 orcs
  9 bats
  4 giant cockroaches
  6 goblins
  4 hobgoblins
  9 jackals
  7 kobolds
  2 quokkas
  A ball python (D:3)
  6 frilled lizards
  A giant cockroach zombie (D:6)
  A jackal skeleton (D:4)
  8 rats
153 creatures vanquished.

Notes
Turn   | Place    | Note
-------+----------+-------------------------------------------
     0 | D:1      | Merkmirnix the Minotaur Berserker began the quest for the Orb.
     0 | D:1      | Reached XP level 1. HP: 19/19 MP: 0/0
   131 | D:1      | Reached XP level 2. HP: 24/27 MP: 1/1
   205 | D:1      | Reached skill level 4 in Axes
   624 | D:1      | Reached ** piety under Trog
   910 | D:2      | Reached XP level 3. HP: 34/34 MP: 2/2
  1424 | D:2      | Reached XP level 4. HP: 41/41 MP: 3/3
  1734 | D:3      | Reached skill level 1 in Shields
  1863 | D:3      | Found a shimmering altar of Xom.
  1874 | D:3      | Found a shimmering altar of Xom.
  1876 | D:3      | Found a shimmering altar of Xom.
  2227 | D:4      | Reached skill level 5 in Fighting
  2265 | D:4      | Noticed SlightEye's ghost (novice FoFi)
  2292 | D:4      | Killed SlightEye's ghost
  2292 | D:4      | Reached *** piety under Trog
  2292 | D:4      | Reached skill level 6 in Axes
  2292 | D:4      | Reached skill level 1 in Stealth
  2292 | D:4      | Reached XP level 5. HP: 48/48 MP: 4/4
  2292 | D:4      | Reached XP level 6. HP: 56/56 MP: 5/5
  2541 | D:4      | Noticed Eustachio
  2550 | D:4      | Killed Eustachio
  2550 | D:4      | Reached XP level 7. HP: 50/61 MP: 6/6
  3189 | D:4      | Reached skill level 7 in Axes
  3325 | D:5      | Entered Level 5 of the Dungeon
  3653 | D:5      | Reached skill level 5 in Shields
  3832 | D:5      | Reached XP level 8. HP: 56/70 MP: 7/7
  4624 | D:6      | Reached skill level 5 in Dodging
  4711 | D:6      | Reached skill level 8 in Axes
  4753 | D:6      | Found Ygamip's Armour Shop.
  4761 | D:6      | Bought a +0 pair of gloves for 67 gold pieces
  5007 | D:6      | Found Muetacw's Assorted Antiques.
  5843 | D:7      | Found a staircase to the Ecumenical Temple.
  5906 | D:7      | Reached skill level 9 in Axes
  5981 | D:8      | Reached **** piety under Trog
  5981 | D:8      | Reached XP level 9. HP: 74/78 MP: 8/8
  6494 | D:8      | Noticed a two-headed ogre
  6507 | D:8      | Killed a two-headed ogre
  7000 | D:8      | Noticed a two-headed ogre
  7013 | D:8      | Killed a two-headed ogre
  7013 | D:8      | Reached skill level 10 in Axes
  7410 | D:8      | Reached XP level 10. HP: 60/88 MP: 9/9
  7570 | D:9      | Noticed Grum
  7582 | D:9      | HP: 4/88 [Grum/enchanted spear (8)]
  7584 | D:9      | Mangled by Grum

Skill      XL: |  1  2  3  4  5  6  7  8  9 10 |
---------------+-------------------------------+-----
Axes           | 4 6 7 9 10 | 10.5
Fighting       | 4 5 6 8 |  8.2
Shields        | 2 3 5 7 8 9 |  9.0
Dodging        | 3 4 5 6 |  6.6
Stealth        | 1 2 3 |  3.6
Armour         | |  2.6

Action                   |  1- 3 |  4- 6 |  7- 9 | 10-12 || total
-------------------------+-------+-------+-------+-------++-------
Melee: Hand axe          |    75 |    94 |   291 |    37 ||   497
       Headbutt          |    12 |    18 |    77 |     1 ||   108
Invok: Berserk           |       |     2 |     2 |     1 ||     5
       Trog's Hand       |       |       |     1 |       ||     1
  Use: Scroll            |       |     1 |       |       ||     1
       Potion            |       |     1 |       |       ||     1
 Stab: Sleeping          |     1 |       |     6 |     1 ||     8
       Distracted        |       |       |     1 |       ||     1
  Eat: Chunk             |     2 |     2 |     8 |       ||    12
       Bread ration      |       |     1 |     2 |       ||     3
Armor: Animal skin       |    11 |    21 |    30 |     2 ||    64
Dodge: Dodged            |    24 |    35 |    88 |    14 ||   161
Block: Large shield      |    39 |    80 |   221 |    41 ||   381
